 Seeded DCSS version 0.28.0-1-gb440e238dd (webtiles) character file.

Game seed: 17219250485154833099 (custom seed)

2 cbfl8 the Sneak (level 1, -7/19 HPs)
             Began as a Minotaur Delver on Feb 28, 2022.
             Mangled by a hornet (14 damage)
             ... on level 5 of the Dungeon.
             The game lasted 00:00:36 (164 turns).

cbfl8 the Sneak (Minotaur Delver)                    Turns: 164, Time: 00:00:36

Health: -7/19      AC:  3    Str: 16    XL:     1   Next: 25%
Magic:  0/0        EV: 11    Int:  7    God:
Gold:   39         SH:  0    Dex: 11    Spells: 0/0 levels left

rFire   . . .      SeeInvis .   a - +0 hand axe
rCold   . . .      Faith    .   (no shield)
rNeg    . . .      Spirit   .   b - +0 leather armour
rPois   .          Reflect  .   (helmet restricted)
rElec   .          Harm     .   (no cloak)
rCorr   .          Rampage  .   (no gloves)
Will    .....                   (no boots)
Stlth   ++........              (no amulet)
HPRegen 0.06/turn               (no ring)
MPRegen 0.07/turn               (no ring)

@: hasted and slowed
A: horns 2, retaliatory headbutt
a: no special abilities


You were on level 5 of the Dungeon.
You visited 1 branch of the dungeon, and saw 1 of its levels.

You collected 39 gold pieces.

Inventory:

Hand Weapons
 a - a +0 hand axe (weapon)
Armour
 b - a +0 leather armour (worn)
Wands
 g - a wand of digging (3)
 i - a wand of acid (7)
Scrolls
 c - a scroll of fog
 d - a scroll of magic mapping
 e - a scroll of fear
 h - a scroll of vulnerability {unknown}


   Skills:
 + Level 3.6 Fighting
 + Level 2.4 Axes
 + Level 2.2 Dodging
 + Level 4.1 Stealth


You couldn't memorise any spells.
You didn't know any spells.
Your spell library was empty.

Dungeon Overview and Level Annotations

Branches:
Dungeon (5/15)             Temple (0/1) D:5

Altars:

Annotations:
D:5 2 transporters, shayl's ghost, novice HOFi


Innate Abilities, Weirdness & Mutations

You have a pair of horns on your head.
You reflexively headbutt those who attack you in melee.


Message History

Found an escape hatch in the floor.
Found a scroll of magic mapping and 15 gold pieces.
h - a scroll labelled NURGHI HANLIF
Found a short ivory wand.
There is an escape hatch in the floor here.
d - 2 scrolls of magic mapping (gained 1)
Found 12 gold pieces.
i - a wand of acid (7)
You now have 27 gold pieces (gained 15).
As you read the scroll of magic mapping, it crumbles to dust.
You feel aware of your surroundings.
You sensed 1 altar.
Found 12 gold pieces.
You now have 39 gold pieces (gained 12).
You open the door.
A black bear comes into view.
You open the door.
You feel yourself speed up.
There is an open door here.
Found a hand axe.
You open the door.
A bullfrog zombie and a hornet come into view.
Found an escape hatch in the ceiling.
There is an open door here.
Found a stone staircase leading down.
The hornet buzzes angrily.
You hear a howl!
You completely miss the bullfrog zombie.
The bullfrog zombie hits you.
A howler monkey comes into view.
You barely miss the bullfrog zombie. You headbutt the bullfrog zombie.
The bullfrog zombie is lightly damaged.
You barely miss the hornet. The hornet stings you.
You feel yourself slow down.
The bullfrog zombie completely misses you.
The bullfrog zombie hits you. The hornet stings you.
You feel as though you will be slow longer.
The bullfrog zombie closely misses you. You furiously retaliate!
You headbutt the bullfrog zombie. The black bear barely misses you.
The black bear claws you but does no damage.
The black bear closely misses you. The hornet stings you!
Ouch! That really hurt!
You die...

,,,,*,,,*,,,,*,,,,,*...........#,
,,,,*,,,*,<,,#....,*...........#,
,,,,*,,,*,,,,#....,*...........#,
,,,,****######....,*.##.#####..##
,,,,,,,,.........###.##.#*,##..##
,,,,,,,,.........#...#....,#..).#
,,,,,,,,.>h......#...#.....#....#
,,,,,,,,.......<.#...#,....#....#
,,,,,,,,.......Z@#...#,....'....#
,,,,,,,,.......y.h...#,....#....#
***+***,.........#.).#*######...#
,,,,,,*,.........#...####..##...#
,,,,,,+,.........#..............'
,,,,,,*,.........#..............#
*,,,,,*,.........+..............#
*,,,,,*,.........#..............#
*,,,,,*,.........##+#####+#####'.


You could see a hornet, a black bear, a howler monkey and a bullfrog zombie.

Vanquished Creatures
  An orc (D:5)
1 creature vanquished.

Notes
Turn   | Place    | Note
-------+----------+-------------------------------------------
     0 | D:5      | cbfl8 the Minotaur Delver began the quest for the Orb.
     0 | D:5      | Reached XP level 1. HP: 19/19 MP: 0/0
    26 | D:5      | Found a transporter.
    28 | D:5      | Noticed a killer bee
    29 | D:5      | Found a transporter.
    30 | D:5      | Noticed shayl's ghost (novice HOFi)
    30 | D:5      | Noticed a killer bee
    32 | D:5      | Noticed a hornet
    32 | D:5      | Noticed a killer bee
    32 | D:5      | Noticed a killer bee
    86 | D:5      | Noticed a killer bee
   120 | D:5      | Noticed a black bear
   157 | D:5      | Noticed a hornet
   161 | D:5      | Noticed a howler monkey
   164 | D:5      | Mangled by a hornet

Illustrated notes

Levels and vault maps discovered:
D:5:      layout_gridville, okawaru_gym_becter, minmay_temple_entry_crystal_x,
          gammafunk_ghost_hive

Action                   || total
-------------------------++-------
Melee: Hand axe          ||     3
       Headbutt          ||     1
  Use: Scroll            ||     1
       Potion            ||     1
Armor: Leather armour    ||     1
Dodge: Dodged            ||     4
